 Dungeon Crawl Stone Soup version 0.30-a0-777-ga9a30cbeda (webtiles) character file.

Game seed: 7198706278738017220

23 jt the Trooper (level 2, -1/24 HPs)
             Began as a Mummy Fighter on Feb 14, 2023.
             Was a Follower of Makhleb.
             Killed from afar by Natasha (10 damage)
             ... with a magic dart
             ... on level 1 of the Dungeon.
             The game lasted 00:01:46 (783 turns).

jt the Trooper (Mummy Fighter)                       Turns: 783, Time: 00:01:46

Health: -1/24      AC: 10    Str: 19    XL:     2   Next: 75%
Magic:  2/2        EV:  6    Int:  7    God:    Makhleb [*.....]
Gold:   34         SH:  4    Dex: 11    Spells: 1/1 levels left

rFire   x . .      SeeInvis .    a - +0 war axe
rCold   + . .      Faith    +    c - +0 buckler
rNeg    + + +      Spirit   .    j - +0 chain mail
rPois   ∞          Reflect  .    h - +1 helmet
rElec   .          Harm     .    (no cloak)
rCorr   .          Rampage  .    (no gloves)
Will    .....                    (no boots) Stlth
                                 (no amulet)
HPRegen 0.24/turn                (no ring)
MPRegen 0.08/turn                (no ring)

@: slowed, very slow
A: cold resistance 1, negative energy resistance 3, torment resistance 2, heat
vulnerability 1, no potions, faith
a: Renounce Religion


You were on level 1 of the Dungeon.
You worshipped Makhleb.
Makhleb was aware of your devotion.
You visited 1 branch of the dungeon, and saw 2 of its levels.

You collected 34 gold pieces.

Inventory:

Hand Weapons
 a - a +0 war axe (weapon)
 g - a +0 dagger of electrocution
Missiles
 d - 11 stones (quivered)
Armour
 c - a +0 buckler (worn)
 h - a +1 helmet (worn)
 j - a +0 chain mail (worn)
Scrolls
 e - 2 scrolls of identify
 f - a scroll of teleportation


   Skills:
 + Level 3.2 Fighting
 * Level 2.3 Axes
 - Level 2.4 Armour
 + Level 2.6 Shields


You had one spell level left.
You didn't know any spells.
Your spell library was empty.

Dungeon Overview and Level Annotations

Branches:
Dungeon (2/15)

Altars:
Makhleb

Annotations:
D:1 Natasha


Innate Abilities, Weirdness & Mutations

You are immune to poison.
Your flesh is cold resistant. (rC+)
You are immune to negative energy. (rN+++)
You are immune to unholy pain and torment.
You are vulnerable to heat. (rF-)
You do not drink.
You have a special connection with the divine. (Faith)


Message History

A gnoll comes into view. It is wielding a +0 spear.
Natasha stares at you and mumbles some strange words.
You feel yourself slow down. Natasha attacks as you move away!
You block Natasha's attack.
Natasha zaps a wand.
The puff of flame hits you but does no damage.
There is a stone staircase leading up here.
You hit Natasha.
Natasha is lightly wounded.
Natasha claws you.
Natasha zaps a wand.
The puff of flame hits you. The fire burns you terribly!
You closely miss Natasha.
Natasha is lightly wounded.
Natasha claws you but does no damage. The gnoll hits you with a +0 club.
Natasha claws you but does no damage. You block the gnoll's attack.
You block Natasha's attack.
You climb upwards.
There is a stone staircase leading down here.
You hit Natasha.
Natasha is moderately wounded.
You hit the gnoll. The gnoll hits you but does no damage.
Natasha claws you but does no damage. The gnoll hits you with a +0 club.
Natasha stares at you and mumbles some strange words.
You feel as though you will be slow longer.
You block the gnoll's attack. Natasha claws you.
You are too injured to fight recklessly!
You are too injured to fight recklessly!
You are too injured to fight recklessly!
You barely miss Natasha.
Natasha is moderately wounded.
You closely miss the gnoll. The gnoll barely misses you.
You block Natasha's attack. The gnoll hits you but does no damage.
Natasha stares at you and mumbles some strange words.
The magic dart hits you but does no damage.
Okay, then.
Okay, then.
You closely miss the gnoll. You hit Natasha. The gnoll barely misses you.
Natasha casts a spell at you. The magic dart hits you!
You die...

### #.# ###################.#
#...................#
#.#################.# #.#
##.#### #.# ### #.....######
#.# #.##########..##....... #.#
#.....@g...............
#.#####.####h##..............
#.....#.#..#.###.............
#.###.#.#..#.################
##..........!.# ♣♣♣ ♣♣♣ ♣♣♣
####....#.#.....#♣♣8♣♣♣♣8♣♣♣♣8♣
#............#.##♣P~~♣♣~~P♣♣P~~
#.#####......#.#♣♣~~~♣♣~~~♣♣~~~
#.# #........#♣..^.♣♣....♣...


You could see Natasha and a gnoll.

Vanquished Creatures
  A dart slug (D:1)
  A ball python (D:1)
  A bat (D:1)
  4 endoplasms (D:1)
  2 hobgoblins (D:1)
  A kobold (D:1)
  A quokka (D:1)
  A frilled lizard (D:1)
  5 goblins (D:1)
  A rat (D:1)
18 creatures vanquished.

Notes
Turn   | Place    | Note
-------+----------+-------------------------------------------
     0 | D:1      | jt the Mummy Fighter began the quest for the Orb.
     0 | D:1      | Reached XP level 1. HP: 18/18 MP: 1/1
   267 | D:1      | Reached XP level 2. HP: 24/24 MP: 2/2
   499 | D:1      | Found a faded altar of an unknown god.
   502 | D:1      | Prayed at the altar of an unknown god.
   502 | D:1      | Became a worshipper of Makhleb the Destroyer
   502 | D:1      | Reached * piety under Makhleb
   771 | D:2      | Noticed Natasha
   783 | D:1      | Killed from afar by Natasha

Illustrated notes

Levels and vault maps discovered:
D:1:      psy_arrival_wood_between_worlds, layout_basic,
          hellmonk_ecumenical_altar_inner_sanctum, corexii_leaking_fountain,
          minmay_shallow_snake_nest
D:2:      layout_rooms, basic_altar, uniq_natasha, uniq_terence, uniq_robin

Skill      XL: |  1 |
---------------+----+-----
Axes           | 2 |  2.3
Fighting       | |  3.2
Armour         | |  2.4
Shields        | |  2.6

Action                     || total
---------------------------++-------
  Melee: War axe           ||    52
    Use: Scroll            ||     3
 Armour: Scale mail        ||    16
         Chain mail        ||    18
  Dodge: Dodged            ||    25
  Block: Buckler           ||    13

Table legend: (Time is in decaauts)
 A = Elapsed time spent in this place.
 B = Non-inter-level travel time spent in this place.
 C = Inter-level travel time spent in this place.
 D = Time resting spent in this place.
 E = Time spent auto-exploring this place.
 F = Levels seen in this place.
 G = Mean time per level.
                   A        B        C        D        E       F      G
               +--------+--------+--------+--------+--------+-----+--------+
         Total |    813 |    787 |     26 |      0 |    533 |   2 |  406.5 |
       Dungeon |    813 |    787 |     26 |      0 |    533 |   2 |  406.5 |
               +--------+--------+--------+--------+--------+-----+--------+

Top non-repeatable levels by time:
     D:1: 789 daAuts
     D:2: 24 daAuts
